Selects Indian Artillery Battlegroup
Construct Section Command Post
Construct Field Infirmary
Selects Towed ML 4.2-inch Heavy Mortar
Towed ML 4.2-inch Heavy Mortar
Construct Platoon Command Post
6-pounder Anti-tank Gun Team
Construct Company Command Post
Selects Gurkha Rifles Section
Selects Off-map Airburst Barrage
Unlock Towed 17-pounder Anti-tank Guns
17-pounder Anti-tank Gun Team
Selects BL5.5 Artillery Emplacement
Unlock M3 Grant Medium Tanks